 Dungeon Crawl Stone Soup version 0.27-a0-1591-gc56fcc985a (webtiles) character file.

Game seed: 3908023576476007813

120 dolemite99 the Chopper (level 5, -5/45 HPs)
             Began as a Hill Orc Fighter on July 19, 2021.
             Was an Initiate of Okawaru.
             Killed from afar by Ijyb (6 damage)
             ... with a puff of flame
             ... on level 3 of the Dungeon.
             The game lasted 00:03:01 (3093 turns).

dolemite99 the Chopper (Hill Orc Fighter)           Turns: 3093, Time: 00:03:01

Health: -5/45      AC:  8    Str: 20    XL:     5   Next: 4%
Magic:  7/7        EV:  7    Int:  8    God:    Okawaru [......]
Gold:   149        SH:  9    Dex: 10    Spells: 4/4 levels left

rFire    . . .     SeeInvis .   a - +0 war axe
rCold    . . .     Faith    .   c - +0 kite shield
rNeg     . . .     Spirit   .   b - +0 scale mail
rPois    .         Reflect  .   k - +0 helmet
rElec    .         Harm     .   (no cloak)
rCorr    .         Rampage  .   (no gloves)
Will     .....                  (no boots)
Stlth    ..........             (no amulet)
HPRegen  0.15/turn              (no ring)
MPRegen  0.10/turn              (no ring)

@: no status effects
A: no striking features
a: Renounce Religion


You were on level 3 of the Dungeon.
You worshipped Okawaru.
Okawaru was noncommittal.
You visited 1 branch of the dungeon, and saw 3 of its levels.

You collected 149 gold pieces.

Inventory:

Hand Weapons
 a - a +0 war axe (weapon)
 s - a +0 spectral quarterstaff
Missiles
 h - 56 stones (quivered)
 o - 42 arrows
Armour
 b - a +0 scale mail (worn)
 c - a +0 kite shield (worn)
 k - a +0 helmet (worn)
Jewellery
 n - an amulet of regeneration
 r - a ring of flight
Scrolls
 e - 3 scrolls of identify {unknown}
 f - a scroll of immolation {unknown}
 g - a scroll of blinking {unknown}
 i - a scroll of fear {unknown}
 j - 2 scrolls of amnesia {unknown}
 l - a scroll of silence {unknown}
 m - a scroll of enchant armour {unknown}
 p - a scroll of teleportation {unknown}
Potions
 d - a potion of might
 q - a potion of heal wounds {unknown}


   Skills:
 - Level 3.6 Fighting
 + Level 5.6 Axes
 - Level 3.2 Armour
 - Level 3.2 Shields
 + Level 3.3 Invocations


You had 4 spell levels left.
You didn't know any spells.
Your spell library was empty.

Dungeon Overview and Level Annotations

Branches:
Dungeon (3/15)

Altars:
Okawaru

Shops:
D:3 =

Annotations:
D:3 Ijyb


Message History

You block Ijyb's attack.
You closely miss Ijyb.
Ijyb is severely wounded.
Ijyb hits you but does no damage.
You closely miss Ijyb.
Ijyb is severely wounded.
Ijyb zaps a wand.
The puff of flame hits you! Ijyb hits you with a +0 club.
You barely miss Ijyb.
Ijyb is severely wounded.
You block Ijyb's attack.
You closely miss Ijyb.
Ijyb is severely wounded.
You block Ijyb's attack.
A ball python comes into view.
You block Ijyb's attack.
The ball python hisses angrily.
You hit Ijyb but do no damage.
Ijyb is severely wounded.
Ijyb zaps a wand.
The puff of flame misses you.
The puff of flame hits the ball python!
The ball python dies!
You hit Ijyb.
Ijyb is almost dead.
Ijyb hits you but does no damage. Ijyb hits you with a +0 club.
You closely miss Ijyb.
Ijyb is almost dead.
Ijyb hits you with a +0 club.
* * * LOW HITPOINT WARNING * * *
You hit Ijyb but do no damage.
Ijyb is almost dead.
You block Ijyb's attack. Ijyb hits you with a +0 club.
* * * LOW HITPOINT WARNING * * *
You closely miss Ijyb.
Ijyb is almost dead.
Ijyb zaps a wand.
The puff of flame hits you!
* * * LOW HITPOINT WARNING * * *
You hit Ijyb but do no damage.
Ijyb is almost dead.
Ijyb zaps a wand.
The puff of flame hits you.
You die...

#.##.## ##.##
#.#...#####..)##.#
#...#.......#..#.#
#.#...#####...##.#
#.##.## ##.###.# #.##.#
#.#...# .... #.##.#
#.##..# ....# #.##.#
#.##.g#....# #.##.##
##.###@#...(#
#.#...#####...##.#....#
#...#.......#...†#....#
#.#...#####...#.......#
#.##.## ##.###......#
#....# ### #......#
###### #......#
#......#...#
#......#...#


You could see Ijyb.

Vanquished Creatures
  Robin (D:2)
  2 adders (D:2)
  2 worms (D:2)
  A dart slug (D:1)
  4 bats
  7 endoplasms
  10 goblins
  10 hobgoblins
  9 jackals
  4 kobolds (D:1)
  3 quokkas
  6 ball pythons
  7 frilled lizards
  8 rats
74 creatures vanquished.

Vanquished Creatures (others)
  A ball python (D:3)
1 creature vanquished.

Grand Total: 75 creatures vanquished

Notes
Turn   | Place    | Note
-------+----------+-------------------------------------------
     0 | D:1      | dolemite99 the Hill Orc Fighter began the quest for the
                  | Orb.
     0 | D:1      | Reached XP level 1. HP: 19/19 MP: 1/1
    30 | D:1      | Reached skill level 3 in Axes
    37 | D:1      | Noticed an eye of devastation
    38 | D:1      | Found a faded altar of an unknown god.
    80 | D:1      | Noticed a shining eye
    80 | D:1      | Noticed a shining eye
    80 | D:1      | Noticed a floating eye
    94 | D:1      | Reached XP level 2. HP: 24/26 MP: 2/2
   156 | D:1      | Became a worshipper of Warmaster Okawaru
   156 | D:1      | Reached * piety under Okawaru
   161 | D:1      | Reached skill level 4 in Axes
   495 | D:1      | Reached XP level 3. HP: 26/31 MP: 3/3
   578 | D:1      | Reached skill level 1 in Invocations
  1605 | D:2      | Noticed Robin
  1608 | D:2      | Reached XP level 4. HP: 30/39 MP: 5/5
  1622 | D:2      | Reached skill level 5 in Axes
  1637 | D:2      | HP: 1/39 [Robin (8)]
  1640 | D:2      | Killed Robin
  2703 | D:2      | Reached XP level 5. HP: 45/45 MP: 7/7
  3003 | D:3      | Found Fippuil's Jewellery Emporium.
  3075 | D:3      | Noticed Ijyb
  3092 | D:3      | HP: 1/45 [Ijyb/puff of flame (9)]
  3093 | D:3      | Killed from afar by Ijyb

Illustrated notes

Levels and vault maps discovered:
D:1:      onia_arrival_mini_maze_b, layout_basic,
          hellmonk_ecumenical_altar_watching_god, serial_curves, eino_curves_01,
          eino_curves_03, fountainhead
D:2:      layout_basic, serial_bayou_ford_a, minmay_misc_feat_roman,
          chequers_serial_rivers_marsh, uniq_robin
D:3:      layout_rooms, serial_shops, nicolae_shop_trees, nrook_uturn,
          minmay_misc_feat_tower, hangedman_feature_mirror, uniq_ijyb

Skill      XL: |  1  2  3  4 |
---------------+-------------+-----
Axes           | 3 4 5 |  5.6
Invocations    | 2 3 |  3.3
Fighting       | |  3.6
Armour         | |  3.2
Shields        | |  3.2

Action                   |  1- 3 |  4- 6 || total
-------------------------+-------+-------++-------
Melee: War axe           |   130 |    73 ||   203
Throw: Stone             |    18 |     6 ||    24
Invok: Heroism           |       |     6 ||     6
  Use: Potion            |       |     2 ||     2
Armor: Scale mail        |    62 |    16 ||    78
Dodge: Dodged            |    55 |    20 ||    75
Block: Kite shield       |    72 |    45 ||   117

Table legend: (Time is in decaauts)
 A = Elapsed time spent in this place.
 B = Non-inter-level travel time spent in this place.
 C = Inter-level travel time spent in this place.
 D = Time resting spent in this place.
 E = Time spent auto-exploring this place.
 F = Levels seen in this place.
 G = Mean time per level.
                   A        B        C        D        E       F      G
               +--------+--------+--------+--------+--------+-----+--------+
         Total |   3173 |   3098 |     75 |    656 |   1834 |   3 | 1057.7 |
       Dungeon |   3173 |   3098 |     75 |    656 |   1834 |   3 | 1057.7 |
               +--------+--------+--------+--------+--------+-----+--------+

Top non-repeatable levels by time:
     D:2: 1570 daAuts
     D:1: 1390 daAuts
     D:3: 212 daAuts
